[Event "Early-Titled-Tuesday-Blitz-September-12-2023"]
[Site "Chess.com"]
[Date "2023.09.12"]
[Round "4"]
[White "TomLiu777"]
[Black "Ariadna_Atreides"]
[Result "1-0"]
[WhiteElo "2413"]
[BlackElo "2211"]
[TimeControl "180+1"]
[EndTime "8:37:58 PDT"]
[Termination "TomLiu777 won on time"]

1. c4 e5 2. Nc3 Bb4 3. Nd5 Be7 4. Nf3 d6 5. d4 f6 6. dxe5 fxe5 7. e4 Nf6 8. Bd3 Bg4 9. O-O Nxd5 10. exd5 O-O 11.
Qc2 Bxf3 12. Bxh7+ Kh8 13. gxf3 Nd7 14. Be3 Rxf3 15. Be4 Rh3 16. Bg2 Rh4 17. f4 Qe8 18. Rae1 Qh5 19. h3 Rf8 20. fxe5 Rxf1+ 21. Rxf1 Qxe5 22. Qf2 Bf6 23. Bf4 Qxb2 24. Qe1 Qd4+ 25. Kh1 Ne5 26. Bxe5 Qxe5 27. Qf2 Rh6 28. Qxa7 Qg3 29.
Qb8+ Kh7 30. Qc8 Rxh3+ 31. Qxh3+ Qxh3+ 32. Bxh3 1-0

[Event "Early-Titled-Tuesday-Blitz-September-12-2023"]
[Site "Chess.com"]
[Date "2023.09.12"]
[Round "4"]
[White "Sina_Movahed"]
[Black "Vesper2018"]
[Result "1-0"]
[WhiteElo "3049"]
[BlackElo "2599"]
[TimeControl "180+1"]
[EndTime "8:37:59 PDT"]
[Termination "Sina_Movahed won on time"]

1. e4 c5 2. Nf3 d6 3. d4 cxd4 4. Nxd4 Nf6 5. Nc3 a6 6. h3 e5 7.
Nf3 Be6 8. Ng5 Qc7 9. Nxe6 fxe6 10. g4 Be7 11. g5 Nfd7 12. Qh5+ g6 13. Qg4 Nc5 14.
Be3 Nbd7 15. Bc4 Na4 16. Qxe6 Nxc3 17. bxc3 b5 18. Bd5 Qxc3+ 19. Ke2 Rc8 20. Rhd1 Rf8 21.
a4 b4 22. a5 Rc7 23. Ra2 Nc5 24.
Qg4 Kd8 25. h4 Ke8 26. Rb1 Nd7 27. Rb3 Qxc2+ 28. Rxc2 Rxc2+ 29. Kf1 Rc3 30. Rxc3 bxc3 31. Qe2 Bd8 32. Qxa6 1-0

[Event "Early-Titled-Tuesday-Blitz-September-12-2023"]
[Site "Chess.com"]
[Date "2023.09.12"]
[Round "4"]
[White "Boundless_Strike"]
[Black "taleslascando"]
[Result "1-0"]
[WhiteElo "2625"]
[BlackElo "1942"]
[TimeControl "180+1"]
[EndTime "8:37:59 PDT"]
[Termination "Boundless_Strike won by resignation"]

1. d3 Nf6 2. e4 e5 3. a3 Nc6 4. h3 d5 5. Bg5 dxe4 6. Nc3 exd3 7. Bxd3 h6 8. Bh4 Be7 9. Qe2 O-O 10. O-O-O Nd5 11.
Nxd5 Bxh4 12. Nf3 Be6 13. Qe4 Bg5+ 14. Nxg5 Qxg5+ 15. f4 f5 16. fxg5 fxe4 17. Bxe4 Rac8 18. gxh6 gxh6 19. c3 Kg7 20. Rhe1 Rf2 21. Bf3 Bf5 22. Ne3 Bg6 23. Rd7+ Kf8 24. Bxc6 bxc6 25. Rd2 Rxd2 26. Kxd2 Rd8+ 27. Kc1 Ke7 28. Ng4 e4 29. Ne5 Bf5 30. Nxc6+ Kd7 31. Nxd8 Kxd8 32. g4 1-0

[Event "Early-Titled-Tuesday-Blitz-September-12-2023"]
[Site "Chess.com"]
[Date "2023.09.12"]
[Round "4"]
[White "kingofthenil"]
[Black "Tsyhanchuk_Stanislav"]
[Result "1-0"]
[WhiteElo "2744"]
[BlackElo "2427"]
[TimeControl "180+1"]
[EndTime "8:38:00 PDT"]
[Termination "kingofthenil won by resignation"]

1. e4 c5 2. Nf3 d6 3. d4 cxd4 4. Nxd4 Nf6 5. Nc3 a6 6. g3 e5 7. Nde2 b5 8. a3 Be7 9. Bg2 O-O 10. h3 Nbd7 11. O-O Nb6 12. Bg5 Bb7 13. Bxf6 Bxf6 14. Nc1 Qd7 15. Nd3 Rfd8 16. Nb4 Rac8 17. Rc1 Rc5 18. Nd3 Rc4 19. Nb4 Rdc8 20. Ncd5 Nxd5 21. exd5 Bg5 22. Rb1 a5 23. Nc6 Bxc6 24. dxc6 Qc7 25. c3 Rd8 26. Bd5 Rc5 27. Qd3 a4 28. h4 Bf6 29.
Rfe1 Qe7 30. b4 axb3 31. Rxb3 g6 32. Rxb5 h5 33. Rb7 Rxd5 34. Qxd5 Qe6 35. Qxe6 fxe6 36.
c7 1-0

[Event "Early-Titled-Tuesday-Blitz-September-12-2023"]
[Site "Chess.com"]
[Date "2023.09.12"]
[Round "4"]
[White "secretsuperstar7"]
[Black "ayanakhmetov"]
[Result "1-0"]
[WhiteElo "2410"]
[BlackElo "2557"]
[TimeControl "180+1"]
[EndTime "8:38:00 PDT"]
[Termination "secretsuperstar7 won by resignation"]

1. c4 b6 2. g3 Bb7 3. Nf3 c5 4. Bg2 g6 5. O-O Bg7 6. d4 cxd4 7. Nxd4 Bxg2 8. Kxg2 Qc8 9. Nc3 Qxc4 10. Be3 Qc8 11. Rc1 Qb7+ 12. Kg1 Nf6 13. Ncb5 Nc6 14. Qc2 Rc8 15. Qa4 a6 16. Nxc6 dxc6 17. Nd4 b5 18.
Qc2 Nd5 19. Nxc6 Nxe3 20. fxe3 O-O 21. Qe4 e6 22. Qf3 Bxb2 23. Rc2 Bg7 24. Rfc1 Rc7 25. Qf4 Qb6 26. Qd6 Qxe3+ 27. Kf1 Rb7 28. Ne7+ Kh8 29. Rc8 Qh6 30. Rxf8+ Bxf8 31. Rc8 b4 32. Rxf8+ Kg7 33. Rg8+ 1-0

[Event "Early-Titled-Tuesday-Blitz-September-12-2023"]
[Site "Chess.com"]
[Date "2023.09.12"]
[Round "4"]
[White "APOKALIPSA13"]
[Black "hongnhung1234"]
[Result "0-1"]
[WhiteElo "2244"]
[BlackElo "2492"]
[TimeControl "180+1"]
[EndTime "8:38:00 PDT"]
[Termination "hongnhung1234 won by resignation"]

1. e4 c5 2. Nf3 e6 3. d4 cxd4 4.
Nxd4 Nf6 5. Nc3 Nc6 6. Be3 Bb4 7. Bd3 d5 8. exd5 Nxd5 9. O-O Nxc3 10. bxc3 Bxc3 11. Nxc6 bxc6 12. Rb1 O-O 13. Bc5 Re8 14. Be4 Qc7 15. Qh5 g6 16. Qf3 Be5 17. Bxc6 Ba6 18.
Rfe1 Rec8 19. Bxa8 Qxc5 20. Bb7 Bxb7 21. Rxb7 Rf8 22. Qe3 Bd4 23. Qf3 Qxc2 24. h4 Qxa2 25. h5 Qa5 26. Rd1 Bg7 27. hxg6 hxg6 28. g3 a6 29. Rdd7 Qa1+ 30. Kg2 Bf6 31. Ra7 a5 32. g4 Qe5 33. Qb7 Qf4 34. f3 Be5 35. Rxa5 Qh2+ 36. Kf1 Bg3 37. Qa7 Qh1+ 38. Ke2 Qg2+ 39.
Kd3 Qxf3+ 40. Kc4 Rc8+ 41. Kb5 Qb3+ 42. Ka6 Rc6+ 0-1

[Event "Early-Titled-Tuesday-Blitz-September-12-2023"]
[Site "Chess.com"]
[Date "2023.09.12"]
[Round "4"]
[White "vladgoncharov"]
[Black "Chaos_Magic"]
[Result "1-0"]
[WhiteElo "2547"]
[BlackElo "2369"]
[TimeControl "180+1"]
[EndTime "8:38:01 PDT"]
[Termination "vladgoncharov won on time"]

1. d4 Nf6 2. c4 e6 3. Nc3 d5 4.
Bg5 Be7 5. e3 h6 6. Bh4 O-O 7.
Rc1 c6 8. Nf3 Ne4 9. Bxe7 Qxe7 10. Bd3 Nxc3 11. Rxc3 Nd7 12. cxd5 exd5 13. Qc2 Nf6 14.
h3 Ne8 15. O-O Nd6 16. Ne5 Qf6 17. b4 a6 18. a4 Bf5 19. Bxf5 Qxf5 20. Qxf5 Nxf5 21.
b5 axb5 22. axb5 cxb5 23. Rc5 f6 24. Ng6 Rfd8 25. Rxb5 Rd7 26. g4 Ne7 27. Nxe7+ Rxe7 28. Rxd5 Ra2 29. Rb5 Kh7 30. Rb3 Rc7 31. Kg2 h5 32. gxh5 Kh6 33. Rb5 Rc3 34. Kf3 Rc7 35. Rg1 Rcc2 36.
Rg6+ Kh7 37. Rg2 Rc7 38. h4 Kh6 39. Kg3 Kh7 40. f3 Ra3 41. Re2 Re7 42. Kf2 Rd7 43.
d5 Kh6 44. e4 Kxh5 45. Kg3 Kh6 46. Kf4 Rd3 47. Reb2 g5+ 48. hxg5+ fxg5+ 49. Kg4 Rf7 50. Rb6+ Kg7 51. Rxb7 1-0

[Event "Early-Titled-Tuesday-Blitz-September-12-2023"]
[Site "Chess.com"]
[Date "2023.09.12"]
[Round "4"]
[White "Shuvalov"]
[Black "Zurability"]
[Result "0-1"]
[WhiteElo "2430"]
[BlackElo "2790"]
[TimeControl "180+1"]
[EndTime "8:38:02 PDT"]
[Termination "Zurability won by resignation"]

1. d4 Nf6 2. c4 c5 3. Nf3 e6 4. Nc3 cxd4 5. Nxd4 Bb4 6. Bd2 Nc6 7. Nc2 Bc5 8. e4 d5 9. cxd5 exd5 10. exd5 Nxd5 11. Nxd5 Qxd5 12. Be3 Qxd1+ 13. Rxd1 Bxe3 14. Nxe3 O-O 15. Be2 Be6 16. a3 Rac8 17. O-O Na5 18. b4 Nc6 19. Bf3 b6 20. Bd5 Rfe8 21. Bxe6 Rxe6 22.
Rd7 Re7 23. Rfd1 Kf8 24. Kf1 g6 25. Ng4 h5 26. Nf6 Kg7 27. Rxe7 Nxe7 28. Ne4 Rc7 29. Ke2 Nc6 30. Rd6 Ne5 31. Nd2 Rc3 32. a4 Ra3 33. a5 bxa5 34. Ra6 axb4 35. Rxa3 bxa3 36. Nb3 a2 37. f3 Kf6 38. Kd2 Kf5 39. Ke3 a5 40. Nd4+ Kf6 41. Nc2 a4 42. Kd4 Kf5 43. Kc3 h4 44. Kb2 h3 45. gxh3 Nxf3 46. Kxa2 Nxh2 47.
Ka3 Kf4 48. Kxa4 Kg3 49. Ne3 f5 50. Kb4 f4 51. Nd5 f3 52. Kc3 f2 53. Ne3 Kxh3 54. Kd2 f1=Q 55. Nxf1 Nxf1+ 0-1

[Event "Early-Titled-Tuesday-Blitz-September-12-2023"]
[Site "Chess.com"]
[Date "2023.09.12"]
[Round "4"]
[White "mjray79"]
[Black "crazy_m_attack"]
[Result "0-1"]
[WhiteElo "2532"]
[BlackElo "2389"]
[TimeControl "180+1"]
[EndTime "8:38:02 PDT"]
[Termination "crazy_m_attack won by checkmate"]

1. Nf3 Nf6 2. c4 e6 3. g3 d5 4. Bg2 Be7 5. O-O O-O 6. b3 d4 7. e3 c5 8. exd4 cxd4 9. d3 Nc6 10. Ba3 a5 11. Re1 Bb4 12. Bxb4 axb4 13. a4 e5 14.
Nxe5 Qd6 15. Nxc6 bxc6 16. Nd2 Bf5 17. Qf3 Bd7 18. a5 Qc7 19. a6 Qb6 20. Ne4 Nxe4 21. Qxe4 Rfe8 22. Qf4 Rxe1+ 23. Rxe1 Be6 24. Qd6 Rxa6 25.
Bh3 c5 26. Qe7 Qd6 27. Rxe6 fxe6 28. Qe8+ Qf8 29. Bxe6+ Rxe6 30. Qxe6+ Kh8 31. Qd7 h6 32. f4 Qa8 33. Qf5 Qa1+ 34. Kg2 Qa2+ 35. Kh3 Qxb3 36.
Kh4 Qc3 37. Kh5 Qa3 38. Qc8+ Kh7 39. Qxc5 Qxd3 40. Qxb4 Qe2+ 41. Kh4 Qxh2+ 42. Kg4 Qe2+ 43. Kf5 d3 44. c5 d2 45. c6 d1=Q 46. Qc5 Qdd3# 0-1

[Event "Early-Titled-Tuesday-Blitz-September-12-2023"]
[Site "Chess.com"]
[Date "2023.09.12"]
[Round "4"]
[White "Chessdreamer2020"]
[Black "Egor_Koshulyan"]
[Result "0-1"]
[WhiteElo "2538"]
[BlackElo "2741"]
[TimeControl "180+1"]
[EndTime "8:38:05 PDT"]
[Termination "Egor_Koshulyan won by checkmate"]

1. e4 c5 2. Nf3 Nc6 3. Bb5 g5 4. Nxg5 Nf6 5. d3 Rg8 6. g3 Nd4 7. Bc4 d5 8. exd5 b5 9. Bb3 Nxb3 10. axb3 Rxg5 11. Bxg5 Qxd5 12. O-O Bh3 13. f3 Qxg5 14. Re1 Qd5 15. Nc3 Qd4+ 16. Kh1 b4 17. Ne2 Qd6 18. Nf4 Bd7 19. Qe2 Bh6 20. Qe5 Kf8 21. Ra5 Bc6 22. Kg2 Qxe5 23. Rxe5 Nd7 24. Rh5 Bg7 25.
Rxh7 Bxb2 26. Rh5 Bd4 27. Ne2 Bg7 28. h4 Bb7 29. Rg5 Bf6 30. Rf5 e6 31. Rh5 Ne5 32.
Rxc5 Bxf3+ 33. Kf2 Bxh5 34. Nf4 Bg4 35. d4 Nd7 36.
Rc7 Bxd4+ 37. Ke1 Bc3+ 38. Kf1 Ne5 39. h5 Rd8 40. Rxa7 Rd1+ 41. Kf2 Rh1 42. Kg2 Bf3+ 43. Kf2 Bd4# 0-1

[Event "Early-Titled-Tuesday-Blitz-September-12-2023"]
[Site "Chess.com"]
[Date "2023.09.12"]
[Round "4"]
[White "jk13"]
[Black "tetrix83"]
[Result "0-1"]
[WhiteElo "2691"]
[BlackElo "2543"]
[TimeControl "180+1"]
[EndTime "8:38:05 PDT"]
[Termination "tetrix83 won by resignation"]

1. e4 c5 2. c3 Nf6 3. e5 Nd5 4. Bc4 Nb6 5. Bb3 Nc6 6. Nf3 d5 7. exd6 e6 8. d4 cxd4 9. cxd4 Bxd6 10. Nc3 O-O 11. O-O Nb4 12. Re1 Bd7 13. Ne5 Rc8 14. a3 N4d5 15. Qd3 Bxe5 16. Rxe5 Nxc3 17. bxc3 Ba4 18. Ba2 Qc7 19. Bd2 Rfd8 20. Rh5 g6 21.
Rh4 Nc4 22. Bg5 Rd5 23. Bh6 Bb5 24. a4 Ba6 25. Qf3 Qe7 26. Rf4 Rh5 27. Re1 Rxh6 28.
d5 e5 29. d6 Nxd6 30. Rf6 Rh5 31. Rxd6 Qxd6 32. Qxf7+ Kh8 33. g3 Rf8 34. Qb3 Rhf5 35.
Qb2 Rxf2 36. Qxf2 Rxf2 37. Kxf2 0-1

[Event "Early-Titled-Tuesday-Blitz-September-12-2023"]
[Site "Chess.com"]
[Date "2023.09.12"]
[Round "4"]
[White "cedchass2006"]
[Black "lamomiajunior"]
[Result "0-1"]
[WhiteElo "2424"]
[BlackElo "2712"]
[TimeControl "180+1"]
[EndTime "8:38:07 PDT"]
[Termination "lamomiajunior won by resignation"]

1. e4 c5 2. Nf3 d6 3. Bb5+ Nd7 4. Ba4 Nf6 5. O-O g6 6. d4 cxd4 7. Nxd4 Bg7 8. Re1 O-O 9. c3 a6 10. Bc2 Qc7 11. Be3 b5 12. a4 bxa4 13. Rxa4 Bb7 14. f3 d5 15. exd5 Nxd5 16. Bf2 Nc5 17. Rc4 Qd6 18. Rxc5 Qxc5 19. Ne6 Qd6 20. Nxf8 Rxf8 21.
Nd2 Rd8 22. Ne4 Qc7 23. Qa1 Be5 24. Bg3 Bxg3 25. Nxg3 Qb6+ 26. Kh1 Nf4 27. Be4 Bc8 28. Qc1 Qf2 29. Rg1 Rd2 30. Qf1 Nh3 31. b4 Nxg1 32. Qxf2 Rxf2 33. Kxg1 Rb2 34. Nf1 Rb3 35. c4 Rxb4 36.
Nd2 Rb2 37. Nf1 f5 38. Bc6 f4 39. g3 e5 40. gxf4 exf4 41. Bd5+ Kg7 42. h3 Bxh3 43.
Nh2 Bf5 0-1

[Event "Early-Titled-Tuesday-Blitz-September-12-2023"]
[Site "Chess.com"]
[Date "2023.09.12"]
[Round "4"]
[White "jguerramzllo"]
[Black "FairChess_on_YouTube"]
[Result "0-1"]
[WhiteElo "2808"]
[BlackElo "3045"]
[TimeControl "180+1"]
[EndTime "8:38:08 PDT"]
[Termination "FairChess_on_YouTube won on time"]

1. e4 e5 2. Nf3 Nc6 3. d4 exd4 4. Nxd4 Qf6 5. Nxc6 Bc5 6. Qd2 dxc6 7. Nc3 Be6 8.
Na4 Rd8 9. Bd3 Bd4 10. O-O b5 11. Nc3 Ne7 12. a4 a6 13. axb5 axb5 14. Kh1 O-O 15.
f4 Bxc3 16. bxc3 Bc4 17. Rf3 Bxd3 18. cxd3 Rd7 19. Ba3 Rfd8 20. d4 Nc8 21. Bc5 Nb6 22.
e5 Qf5 23. Qd3 Qxd3 24. Rxd3 Na4 25. Ba3 c5 26. Rad1 cxd4 27. cxd4 c5 28. d5 b4 29. Bc1 Nc3 30. Rxc3 Rxd5 31. Rxd5 Rxd5 0-1

[Event "Early-Titled-Tuesday-Blitz-September-12-2023"]
[Site "Chess.com"]
[Date "2023.09.12"]
[Round "4"]
[White "GeorgiosSouleidis"]
[Black "lolo9292"]
[Result "1/2-1/2"]
[WhiteElo "2526"]
[BlackElo "2203"]
[TimeControl "180+1"]
[EndTime "8:38:08 PDT"]
[Termination "Game drawn by repetition"]

1. e4 e5 2. Nc3 Nf6 3. d4 exd4 4. Qxd4 Nc6 5. Qd3 Bb4 6. Bd2 O-O 7. O-O-O Re8 8. Nge2 d6 9. Bg5 h6 10. Bxf6 Qxf6 11.
Nd5 Qd8 12. Nxb4 Nxb4 13. Qd2 a5 14. Nc3 Be6 15. a3 Na2+ 16. Nxa2 Bxa2 17. Qd4 Qg5+ 18. Rd2 Be6 19. g3 Qe5 20. f4 Qxd4 21. Rxd4 f6 22. Bg2 Re7 23. Rhd1 Rae8 24. h4 Bg4 25.
Rg1 Bd7 26. Kd2 Bc6 27. Re1 b6 28. c4 f5 29. Kd3 g6 30. b4 axb4 31. axb4 Ra8 32.
Re3 Ra3+ 33. Ke2 Ra2+ 34. Kf1 fxe4 35. Bxe4 Bxe4 36. Rdxe4 Rxe4 37. Rxe4 Kf7 38. b5 Rd2 39. Ke1 Rd3 40. Kf2 d5 41. cxd5 Rxd5 42. Rc4 Rxb5 43. Rxc7+ Kf6 44. g4 Rb3 45. Rc6+ Kg7 46. Rc7+ Kf6 47.
Rc6+ Kg7 48. Rc7+ Kf6 1/2-1/2

[Event "Early-Titled-Tuesday-Blitz-September-12-2023"]
[Site "Chess.com"]
[Date "2023.09.12"]
[Round "4"]
[White "AttilaTurzo"]
[Black "lluiss"]
[Result "1-0"]
[WhiteElo "2472"]
[BlackElo "2173"]
[TimeControl "180+1"]
[EndTime "8:38:08 PDT"]
[Termination "AttilaTurzo won by resignation"]

1. d4 Nf6 2. Nf3 g6 3. Bf4 Bg7 4. e3 O-O 5. h3 b6 6. Be2 Bb7 7.
O-O d5 8. Nbd2 c5 9. c3 Nc6 10. Ne5 Nd7 11. Ndf3 Ndxe5 12. Nxe5 Nxe5 13. Bxe5 Bxe5 14. dxe5 f6 15. exf6 exf6 16. Bf3 Rf7 17. Qb3 Rd7 18.
Rfd1 Kg7 19. Rd2 Qg8 20. Rad1 Rad8 21. c4 d4 22. Bxb7 Rxb7 23. exd4 cxd4 24. Rxd4 Rxd4 25. Rxd4 Qe6 26. Qd1 Re7 27. Kf1 h5 28. h4 Kf7 29.
b3 Kg7 30. Rd2 Qc6 31. Kg1 Kf7 32. g3 Kg7 33. Rd5 Qe6 34. Kg2 Kf7 35. Qf3 Ke8 36.
Qf4 Qe4+ 37. Qxe4 Rxe4 38. Kf3 Re1 39. Rd2 Ra1 40. Ke4 Ke7 41. Kd5 Kd7 42. c5 bxc5 43. Kxc5+ Kc7 44. b4 Rc1+ 45. Kb5 g5 46. hxg5 fxg5 47.
Rd5 h4 48. Rxg5 hxg3 49. fxg3 Ra1 50. a4 Rc1 51. Rc5+ 1-0

[Event "Early-Titled-Tuesday-Blitz-September-12-2023"]
[Site "Chess.com"]
[Date "2023.09.12"]
[Round "4"]
[White "CFalcons8"]
[Black "Actuary44"]
[Result "0-1"]
[WhiteElo "2309"]
[BlackElo "2517"]
[TimeControl "180+1"]
[EndTime "8:38:09 PDT"]
[Termination "Actuary44 won on time"]

1. e4 c5 2. Nf3 d6 3. d4 cxd4 4. Nxd4 Nf6 5. Nc3 g6 6. f3 Bg7 7. Be3 O-O 8. Qd2 Nc6 9. Bc4 Bd7 10. Bb3 Rc8 11. O-O-O Nxd4 12. Bxd4 b5 13. Kb1 a5 14. a4 b4 15. Nb5 Qe8 16. Qe2 Bxb5 17. axb5 Rb8 18.
Ba4 Nd7 19. Bxg7 Kxg7 20. b6 Rxb6 21. e5 Qd8 22. exd6 Rxd6 23. Rxd6 exd6 24. Bxd7 Qxd7 25. Rd1 Rd8 26. Qa6 a4 27. Qc4 b3 28. cxb3 axb3 29.
Qxb3 Kg8 30. Qd5 Qa4 31. Qd4 Qb3 32. Rd3 Qb5 33. Qd5 Qb6 34. Rc3 Qg1+ 35. Rc1 Qxg2 36. Rc2 Qg1+ 37. Ka2 Qe3 38. Rc3 Qf4 39. Ra3 Qxh2 40.
Qg5 Rb8 41. Qf6 Qe5 42. Qxe5 dxe5 0-1

[Event "Early-Titled-Tuesday-Blitz-September-12-2023"]
[Site "Chess.com"]
[Date "2023.09.12"]
[Round "4"]
[White "Hope_6"]
[Black "Grossboss19"]
[Result "0-1"]
[WhiteElo "2688"]
[BlackElo "2542"]
[TimeControl "180+1"]
[EndTime "8:38:11 PDT"]
[Termination "Grossboss19 won on time"]

1. d4 d5 2. c4 dxc4 3. e4 e5 4.
Nf3 exd4 5. Bxc4 Be6 6. Bxe6 fxe6 7. Qb3 Nf6 8. Qxe6+ Be7 9. O-O Qd7 10. Qb3 c5 11.
Bg5 Nc6 12. e5 Nd5 13. Bxe7 Ncxe7 14. Nbd2 O-O 15. Ne4 b6 16. Rfe1 Kh8 17. Nd6 Qe6 18. Re4 Qg6 19. Rae1 Nf4 20. g3 Nh3+ 21. Kg2 Nf4+ 22.
Kh1 Ne6 23. Nh4 Qh6 24. f4 g5 25. Nhf5 Nxf5 26. Nxf5 Rxf5 27. Qd5 Raf8 28. Qd7 gxf4 29. g4 R5f7 30. Rg1 Rxd7 0-1

[Event "Early-Titled-Tuesday-Blitz-September-12-2023"]
[Site "Chess.com"]
[Date "2023.09.12"]
[Round "4"]
[White "Bastiandash"]
[Black "MaxLeto"]
[Result "1/2-1/2"]
[WhiteElo "2546"]
[BlackElo "2384"]
[TimeControl "180+1"]
[EndTime "8:38:11 PDT"]
[Termination "Game drawn by repetition"]

1. e4 c5 2. b3 d6 3. Bb2 Nc6 4. Bb5 Bd7 5. d3 e5 6. Nd2 g6 7.
f4 Bg7 8. Ngf3 Nge7 9. O-O Qc7 10. Nc4 O-O 11. Qe1 a6 12. Bxc6 Nxc6 13. Ne3 Nd4 14. f5 gxf5 15. Nd5 Qd8 16. Nxd4 exd4 17. exf5 Be5 18. Bc1 f6 19. Qh4 Kh8 20. Bf4 Bc6 21. c4 dxc3 22. Ne3 Bd4 23. Kh1 Rg8 24. Rf2 Qe7 25.
Re1 Rae8 26. Rfe2 c2 27. Nxc2 Qxe2 28. Rxe2 Rxe2 29. Nxd4 cxd4 30. Qxf6+ Rg7 31. Qf8+ Rg8 32. Qf6+ Rg7 33. Qf8+ Rg8 34. Qf6+ 1/2-1/2

[Event "Early-Titled-Tuesday-Blitz-September-12-2023"]
[Site "Chess.com"]
[Date "2023.09.12"]
[Round "4"]
[White "Lady_Nika"]
[Black "ChEsper99"]
[Result "0-1"]
[WhiteElo "2465"]
[BlackElo "2219"]
[TimeControl "180+1"]
[EndTime "8:38:11 PDT"]
[Termination "ChEsper99 won by checkmate"]

1. c4 c5 2. Nc3 Nc6 3. g3 d6 4.
Bg2 g6 5. d3 Bg7 6. e4 e5 7. f4 Nge7 8. Nf3 O-O 9. O-O f5 10.
Rb1 h6 11. Be3 Nd4 12. Bxd4 exd4 13. Nd5 Nxd5 14. cxd5 Re8 15. Re1 b5 16. Qb3 Rb8 17. e5 dxe5 18. Nxe5 Qd6 19. Nc6 Rxe1+ 20. Rxe1 Ra8 21.
Qxb5 Bd7 22. Qb7 Bxc6 23. dxc6 Rb8 24. Qxa7 c4 25. Re6 Qxe6 26. Qxb8+ Kh7 27. c7 Qe1+ 28. Bf1 Qe3+ 29. Kg2 Qd2+ 30. Kh1 Qf2 31. Bh3 Qe1+ 32. Kg2 Qe2+ 33. Kg1 Qe1+ 34. Bf1 Qe3+ 35. Kg2 Qd2+ 36.
Kh3 Qd1 37. c8=Q Qxf1+ 38. Kh4 Bf6# 0-1

[Event "Early-Titled-Tuesday-Blitz-September-12-2023"]
[Site "Chess.com"]
[Date "2023.09.12"]
[Round "4"]
[White "GP9isback23"]
[Black "Herzog2012"]
[Result "1-0"]
[WhiteElo "2679"]
[BlackElo "2494"]
[TimeControl "180+1"]
[EndTime "8:38:12 PDT"]
[Termination "GP9isback23 won on time"]

1. Nf3 Nf6 2. b3 e6 3. Bb2 Be7 4. g3 b5 5. Bg2 Bb7 6. O-O c5 7. e3 O-O 8. d4 cxd4 9. exd4 a5 10. a3 Na6 11. c3 Rc8 12. b4 a4 13. Nbd2 Ne8 14. Rc1 d5 15. Ne5 Nd6 16. Qe2 Qc7 17.
Nd3 Nc4 18. Rc2 Bg5 19. f4 Bf6 20. Nc5 Nxc5 21. bxc5 Bc6 22. Nf3 g6 23. Bc1 Bg7 24. Re1 Rce8 25. Qd1 f6 26. Rce2 Bd7 27. Nd2 Na5 28.
Nf1 Qc8 29. Ne3 Bc6 30. Qc2 Nc4 31. Qd1 Qd7 32. Bh3 Qc7 33. Bg2 Qd7 34. Qc2 e5 35.
Nxc4 dxc4 36. d5 Ba8 37. c6 Qd6 38. fxe5 fxe5 39. Be3 e4 40. Bf4 Qc5+ 41. Kh1 Qxa3 42. Rxe4 Rxe4 43. Qxe4 Qc5 44. Qe6+ Kh8 45. Bd6 Qxd5 46.
Bxd5 1-0

[Event "Early-Titled-Tuesday-Blitz-September-12-2023"]
[Site "Chess.com"]
[Date "2023.09.12"]
[Round "4"]
[White "Jospem"]
[Black "Zkid"]
[Result "0-1"]
[WhiteElo "3103"]
[BlackElo "2903"]
[TimeControl "180+1"]
[EndTime "8:38:14 PDT"]
[Termination "Zkid won by checkmate"]

1. e4 e6 2. d4 d5 3. Nd2 c5 4. Ngf3 cxd4 5. Nxd4 Nc6 6. Bb5 Bd7 7. Nxc6 bxc6 8.
Bd3 Qc7 9. Qe2 Ne7 10. Nf3 Ng6 11. e5 c5 12. c3 Be7 13. h4 f6 14. exf6 gxf6 15.
c4 Ne5 16. O-O Nxd3 17. Qxd3 d4 18. b4 e5 19. bxc5 Bc6 20. Re1 Qd7 21. Nxe5 fxe5 22.
Rxe5 O-O 23. Qg3+ Kh8 24. Bg5 Bf6 25. Bxf6+ Rxf6 26. Rd1 Raf8 27. Rg5 Qf7 28. Qe5 h6 29. Rg3 Kh7 30. Rxd4 Re8 31. Qd6 Rxd6 32. Rxd6 Re1+ 33. Kh2 Re6 34. Rd4 Qxf2 35. Rdg4 Qf6 36. h5 Re4 37.
Rg6 Rh4+ 38. Kg1 Qd4+ 39. Kf1 Rh1+ 40. Ke2 Qxc4+ 41. Kd2 Qd4+ 42. Ke2 Bb5+ 43. Kf3 Rf1# 0-1

[Event "Early-Titled-Tuesday-Blitz-September-12-2023"]
[Site "Chess.com"]
[Date "2023.09.12"]
[Round "4"]
[White "Romkachess"]
[Black "LamaChampetre"]
[Result "1-0"]
[WhiteElo "2529"]
[BlackElo "2243"]
[TimeControl "180+1"]
[EndTime "8:38:14 PDT"]
[Termination "Romkachess won on time"]

1. e4 c5 2. Nf3 g6 3. d4 cxd4 4. Nxd4 Nc6 5. c4 Bg7 6. Be3 Nf6 7. Nc3 Ng4 8. Qxg4 Nxd4 9. Qd1 e5 10. Bd3 O-O 11. O-O d6 12. Qd2 Be6 13. b3 a6 14.
Rac1 Rc8 15. Nd5 Bxd5 16. cxd5 f5 17. Bxd4 fxe4 18. Bxe4 exd4 19. Bf3 Qh4 20. g3 Bh6 21. Rxc8 Rxc8 22. Qe2 Qf6 23. Bg4 Rf8 24. Be6+ Kh8 25.
f4 Bg7 26. Rc1 Qe7 27. Qe4 Qd8 28. Kg2 Qb6 29. Rc8 Rxc8 30. Bxc8 Qd8 31. Bxb7 a5 32. Ba6 Bf6 33. Bd3 Kg7 34. h4 Qb6 35.
h5 1-0

[Event "Early-Titled-Tuesday-Blitz-September-12-2023"]
[Site "Chess.com"]
[Date "2023.09.12"]
[Round "4"]
[White "fireheart92"]
[Black "Korchmar_Vasiliy"]
[Result "1-0"]
[WhiteElo "2962"]
[BlackElo "2705"]
[TimeControl "180+1"]
[EndTime "8:38:15 PDT"]
[Termination "fireheart92 won on time"]

1. b3 d5 2. Bb2 Nf6 3. Nf3 Bg4 4. e3 e6 5. h3 Bh5 6. d3 Nbd7 7.
Nbd2 a5 8. a3 Bd6 9. g4 Bg6 10.
g5 Nh5 11. Be2 h6 12. Rg1 Qe7 13. Nh4 hxg5 14. Nxg6 fxg6 15. Nf3 O-O-O 16. Qd2 a4 17. b4 Rdf8 18. Nxg5 Nf4 19. O-O-O Nxh3 20. Nxh3 Rxh3 21. Rxg6 Rxf2 22. Rxg7 Qh4 23. Rg8+ Nf8 24. Rh8 Qg3 25. Rxh3 Qxh3 26. Kb1 b6 27. d4 Kb8 28. Qd3 Qg2 29.
Bh5 Nd7 30. Be8 Nf6 31. Bc6 Ka7 32. Qb5 1-0

[Event "Early-Titled-Tuesday-Blitz-September-12-2023"]
[Site "Chess.com"]
[Date "2023.09.12"]
[Round "4"]
[White "Sjakkerntobi"]
[Black "F-Ghaith2021"]
[Result "1-0"]
[WhiteElo "2541"]
[BlackElo "2269"]
[TimeControl "180+1"]
[EndTime "8:38:15 PDT"]
[Termination "Sjakkerntobi won on time"]

1. f4 c5 2. Nf3 d6 3. g3 g6 4. Bg2 Bg7 5. O-O Nc6 6. d3 Nf6 7. Nc3 O-O 8. e4 e5 9. fxe5 dxe5 10.
Bg5 h6 11. Be3 Nd4 12. Qd2 Nxf3+ 13. Bxf3 Kh7 14. Bxc5 Re8 15. Be3 a6 16. Rae1 b5 17.
a3 Rb8 18. Kh1 Bh3 19. Bg2 Be6 20. Bg1 b4 21. axb4 Rxb4 22. b3 Qc7 23. Nd5 Bxd5 24. Qxb4 Ba8 25. Qb6 Qe7 26. Bc5 Qe6 27. Qxe6 Rxe6 28.
Ra1 Rc6 29. b4 Kg8 30. c4 Nd7 31. Be3 Rd6 32. Rfd1 Bb7 33. Kg1 h5 34. Bh3 Nf8 35.
Bc5 Rd8 36. b5 axb5 37. cxb5 f5 38. exf5 Bf3 39. Rf1 Rxd3 40. fxg6 e4 41. Bg2 Bxa1 42. Rxa1 Nxg6 43. Bxf3 exf3 44. Rb1 Ne5 45. b6 Nd7 46. b7 Nb8 47. Ba7 Na6 48. Rb6 Rd1+ 49. Kf2 Rd2+ 50. Kxf3 Rb2 51. Rxb2 1-0

[Event "Early-Titled-Tuesday-Blitz-September-12-2023"]
[Site "Chess.com"]
[Date "2023.09.12"]
[Round "4"]
[White "reniite"]
[Black "malakismayil"]
[Result "1-0"]
[WhiteElo "2374"]
[BlackElo "2514"]
[TimeControl "180+1"]
[EndTime "8:38:16 PDT"]
[Termination "reniite won on time"]

1. e4 e5 2. Nf3 Nc6 3. Nc3 Nf6 4. d4 exd4 5. Nxd4 Bc5 6. Nb3 Bb6 7. Qe2 d6 8. Be3 Be6 9. O-O-O Qe7 10. f3 h6 11. Kb1 O-O-O 12. Bxb6 axb6 13. Nd5 Bxd5 14. exd5 Qxe2 15. Bxe2 Ne7 16. c4 Rhe8 17. Nd4 Nd7 18. Rhe1 Ng6 19. g3 Re5 20. f4 Ree8 21. Bg4 Ne7 22.
Kc2 Kb8 23. b4 Nf6 24. Bf3 Ng6 25. Kd3 Ne7 26. a4 g6 27. Re2 Neg8 28. Rde1 Rxe2 29. Rxe2 Re8 30. Rxe8+ Nxe8 31. g4 Kc8 32. h4 Kd7 33. g5 hxg5 34. hxg5 Ne7 35. Bg4+ Kd8 36. Ke4 f5+ 37.
gxf6 Nxf6+ 38. Kf3 c5 39. bxc5 bxc5 40. Nb5 Ne8 41. Be6 Nf5 42. Ke4 Nf6+ 43. Kd3 Ke7 44. a5 Nh5 45. Ke4 Nfg7 46. Bc8 1-0